 Dungeon Sprint DCSS version 0.21.0-26-g889b8f6 (webtiles) character file.

165 wojtek the Cleaver (level 5, 0/76 HPs)
             Began as a Minotaur Berserker on Jan 27, 2018.
             Was an Elder of Trog.
             Slain by a neqoxec (7 damage)
             ... summoned by a deep elf mage
             ... in the Dungeon (Sprint III: "The Ten Rune Challenge").
             The game lasted 00:01:01 (332 turns).

wojtek the Cleaver (Minotaur Berserker)              Turns: 332, Time: 00:01:01

Health: 0/76       AC:  2    Str: 27    XL:     5   Next: 21%
Magic:  4/4        EV: 14    Int:  4    God:    Trog [****..]
Gold:   17         SH:  0    Dex: 10    Spells: 4/4 levels left

rFire    . . .     SeeInvis .   a - +0 hand axe
rCold    . . .     Gourm    .   (no shield)
rNeg     . . .     Faith    .   b - +0 animal skin
rPois    .         Spirit   .   (helmet restricted)
rElec    .         Reflect  .   (no cloak)
rCorr    .         Harm     .   (no gloves)
MR       .....     NoTele   +   (no boots)
Stlth    ..........             (no amulet)
HPRegen  0.22/turn              (no ring)
MPRegen  0.09/turn              (no ring)

@: confused, berserking (expiring), lethally poisoned (0 -> -17), very quick
A: retaliatory headbutt, horns 2
a: Berserk, Trog's Hand, Brothers in Arms, Burn Spellbooks, Renounce Religion


You were in the Dungeon.
You worshipped Trog.
Trog was greatly pleased with you.
You were hungry.

You visited 1 branch You collected 17 gold pieces.

Inventory:

Hand Weapons
 a - a +0 hand axe (weapon)
Armour
 b - a +0 animal skin (worn)
Scrolls
 i - 2 scrolls of blinking
 l - a scroll of torment {unknown}
 m - a scroll of identify {unknown}
 n - a scroll of fog {unknown}
 o - a scroll of holy word {unknown}
 p - 2 scrolls of remove curse
Potions
 d - 2 potions of curing
 e - a potion of heal wounds
 f - 2 potions of haste
 g - 2 potions of magic
 h - a potion of berserk rage
 k - 2 potions of mutation {unknown}
 q - a potion of resistance {unknown}
 r - a potion of flight {unknown}
Books
 t - a book of Cantrips

   Spells                             Type                      Level
   a - Confusing Touch                Hexes                        1
   b - Animate Skeleton               Necromancy                   1
   c - Summon Small Mammal            Summoning                    1
   d - Apportation                    Translocation                1
   Trog disapproves of the use of such an item.
Comestibles
 c - 3 rations


   Skills:
 + Level 6.7 Fighting
 * Level 8.9 Axes
 + Level 6.1 Armour
 + Level 5.5 Dodging


You had 4 spell levels left.
You didn't know any spells.

Dungeon Overview and Level Annotations

Branches:
Dungeon (1/1)

Altars:
Elyvilon
Kikubaaqudgha
Sif Muna
Vehumet
Zin
The Shining One


Innate Abilities, Weirdness & Mutations

You reflexively headbutt those who attack you in melee.
You have a pair of horns on your head.


Message History

The deep elf mage is severely wounded.
You closely miss the iron imp. You hit the neqoxec.
You closely miss the crimson imp. You barely miss the tarantella.
You feel sick. The tarantella bites you.
The deep elf mage gestures wildly while chanting.
The neqoxec closely misses you. The crimson imp barely misses you.
The crimson imp blinks!
The neqoxec gestures.
You closely miss the deep elf mage.
The deep elf mage is severely wounded.
You hit the iron imp but do no damage. You hit the neqoxec.
You hit the crimson imp. You closely miss the tarantella.
You feel sick. The tarantella bites you!!
* * * LOW HITPOINT WARNING * * *
You are confused.
The iron imp misses you.
You bump into the stone wall.
* * * LOW HITPOINT WARNING * * *
You feel sick. The neqoxec hits you!
You die...

▓▓▓▓▓▓ ▓▓▓ .'...♣♣♣
♣.##### .#.....♣ ♣.#sr3#
##.....♣♣ ♣♣.#rse#
.#....≈.♣♣♣..###@#+###+
.#...≈≈....♣.#.535......
(#..≈≈≈≈♣♣...'.⌠........
'#..≈≈≈≈≈≈.♣.#5..######+
[#.≈≈≈≈≈≈....#.⌠.#
.#.≈≈≈≈≈.....#...#
.#.≈≈≈.......#'###
##...........#.).#
.............#___#


You could see a deep elf mage, 2 neqoxecs, a tarantella, a redback, 2 hell rats,
an iron imp and 2 crimson imps.

Vanquished Creatures
  A water elemental (D)
  A wizard (D)
  Jessica (D)
  A human (D)
  A kobold demonologist (D)
  A wolf (D)
  3 rats (D)
9 creatures vanquished.

Vanquished Creatures (others)
  2 draconian scorchers (D)
  6 hellions (D)
  2 yaktaurs (D)
  A plant (D)
11 creatures vanquished.

Grand Total: 20 creatures vanquished

Notes
Turn   | Place    | Note
-------+----------+-------------------------------------------
     0 | D        | wojtek the Minotaur Berserker began the quest for the Orb.
     0 | D        | Reached XP level 1. HP: 19/19 MP: 0/0
     4 | D        | Reached skill level 4 in Axes
    19 | D        | Noticed Jessica
    22 | D        | Reached ** piety under Trog
    23 | D        | Killed Jessica
    23 | D        | Reached skill level 5 in Axes
    23 | D        | Reached XP level 2. HP: 19/28 MP: 1/1
    24 | D        | Killed a yaktaur
    46 | D        | Killed a hellion
    48 | D        | Killed a yaktaur
   108 | D        | Killed a hellion
   108 | D        | Killed a hellion
   109 | D        | Killed a hellion
   110 | D        | Killed a hellion
   113 | D        | Reached skill level 5 in Fighting
   113 | D        | Reached skill level 6 in Axes
   113 | D        | Reached XP level 3. HP: 36/36 MP: 2/2
   136 | D        | Killed a hellion
   152 | D        | Killed a white draconian scorcher
   153 | D        | Killed a white draconian scorcher
   205 | D        | Noticed a water elemental
   209 | D        | Killed a water elemental
   209 | D        | Reached *** piety under Trog
   209 | D        | Reached skill level 8 in Axes
   209 | D        | Reached skill level 5 in Armour
   209 | D        | Reached skill level 5 in Dodging
   209 | D        | Reached XP level 4. HP: 44/44 MP: 3/3
   266 | D        | Found a radiant altar of Vehumet.
   267 | D        | Found a deep blue altar of Sif Muna.
   267 | D        | Found an ancient bone altar of Kikubaaqudgha.
   267 | D        | Noticed a wizard
   268 | D        | Noticed a smoke demon
   272 | D        | Killed a wizard
   272 | D        | Reached XP level 5. HP: 51/51 MP: 4/4
   273 | D        | Reached **** piety under Trog
   310 | D        | Found a glowing silver altar of Zin.
   311 | D        | Found a glowing golden altar of the Shining One.
   311 | D        | Found a white marble altar of Elyvilon.
   311 | D        | Noticed a deep elf mage
   317 | D        | Noticed a redback
   323 | D        | Noticed a tarantella
   326 | D        | Noticed a neqoxec
   327 | D        | Noticed a neqoxec
   331 | D        | Noticed a redback
   332 | D        | Slain by a neqoxec

Skill      XL: |  1  2  3  4  5 |
---------------+----------------+-----
Axes           | 5 6 8 |  8.9
Fighting       | 4 5 6 |  6.7
Armour         | 4 5 6 |  6.1
Dodging        | 3 5 |  5.5

Action                   |  1- 3 |  4- 6 || total
-------------------------+-------+-------++-------
Melee: Hand axe          |    14 |    19 ||    33
       Headbutt          |     3 |     2 ||     5
Invok: Berserk           |     2 |     2 ||     4
  Eat: Chunk             |       |     1 ||     1
Armor: Animal skin       |       |     1 ||     1
Dodge: Dodged            |     6 |    17 ||    23
